 Dungeon Crawl Stone Soup version 0.31-a0-876-gfe8ebadbca (webtiles) character file.

Game seed: 2876143851835823498

58 freelancePsychic the Ruffian (level 4, 0/33 HPs)
             Began as a Djinni Shapeshifter on Oct 13, 2023.
             Slain by an adder (3 damage)
             ... on level 2 of the Dungeon.
             The game lasted 00:03:49 (1009 turns).

freelancePsychic the Ruffian (Djinni Shapeshifter)  Turns: 1009, Time: 00:03:49

Health: 0/33       AC:  3    Str: 13 (15) XL:     4   Next: 21%
Gold:   22         EV: 11    Int:  9 (11) God:
                   SH:  0    Dex: 12 (13)

rFire   + +          .
                       - Unarmed
rCold   x . .        i - orb {light}
rNeg    . . .        f - +0 leather armour
rPois   ∞            (helmet currently unavailable)
rElec   .            (cloak currently unavailable)
rCorr   .            (gloves currently unavailable)
SInv    .            (boots unavailable)
Will    .....        (no amulet)
Stlth   +            (no ring)
HPRegen 0.25/turn    (no ring)
MPRegen 0.00/turn

%: infuse magic (-1 HP)
@: beast-form, flying, glowing
A: beast (slay +1), flying, sickness immunity, fire resistance 2, cold
vulnerability 1, float, innate caster, HP casting, extra vitality 1
a: Begin Untransformation


You were on level 2 of the Dungeon.
You were a hulking beast.
You visited 1 branch of the dungeon, and saw 2 of its levels.

You collected 22 gold pieces.

Inventory:

Armour
 a - a +0 animal skin
 f - a +0 leather armour (worn)
 i - an orb of light (worn)
 k - a +1 pair of gloves
Magical Staves
 l - a staff of air
Talismans
 c - a beast talisman (active)
 d - a flux talisman


   Skills:
 + Level 1.9 Fighting
 - Level 2.1 Dodging
 * Level 3.9 Unarmed Combat
 * Level 3.1 Shapeshifting


You knew the following spells:

 Your Spells              Type           Power      Damage    Failure   Level
a - Foxfire               Conj/Fire      0%         2x1d4     45%         1
Your spell library was empty.

Dungeon Overview and Level Annotations

Branches:
Dungeon (2/15)

Altars:


Innate Abilities, Weirdness & Mutations

You are a hulking beast.
Your limbs bulge with bestial killing power. (Slay +1)
You are flying.
You are immune to sickness and miasma.
You are immune to poison.
Your flesh is very heat resistant. (rF++)
You are vulnerable to cold. (rC-)
You float through the air rather than walking.
You learn spells naturally, not from books.
Your magical power is your life essence.
You have superior vitality. (+4 MHP)


Message History

The giant cockroach zombie barely misses you.
As you read the scroll labelled JUREVITUTI, it crumbles to dust.
You assume a fearsome visage.
The giant cockroach zombie is unaffected.
The gnoll looks frightened!
It was a scroll of fear.
The giant cockroach zombie bites you but does no damage.
You smack the giant cockroach zombie!
The giant cockroach zombie is almost destroyed.
You hit the hobgoblin.
The hobgoblin is severely wounded.
You hit the hobgoblin but do no damage.
The hobgoblin is severely wounded.
The hobgoblin hits you but does no damage.
The giant cockroach zombie waves its antennae.
You hit the hobgoblin but do no damage.
The hobgoblin is severely wounded.
The hobgoblin hits you but does no damage.
You barely miss the hobgoblin.
The hobgoblin is severely wounded.
The hobgoblin hits you but does no damage.
You smack the hobgoblin!
You kill the hobgoblin!
You smack the giant cockroach zombie!
You destroy the giant cockroach zombie!
You cannot move.
You start resting.
Your transformation is almost over.
A gnoll is nearby!
You cannot move.
Unknown command.
A gnoll is nearby!
You feel less wooden.
Your +0 leather armour unmelds from your body.
You turn into a hulking beast.
The air fills with toxic fumes!
As you read the scroll of poison, it crumbles to dust.
The gnoll hits you from afar with a +0 spear!
* * * LOW HITPOINT WARNING * * *
The adder bites you.
You die...

,*
#......##§§)......#,,,,,,,*,
,*
#......##(##..#.###******,*,
,*
#......##.###>#....,*****,*,
,*
*......##§§§#.#..##,**,,,,*,
,*
*......####g#.#....,,*,*,,*,
,*
****#######§#.##..#*,*,,,,,,
** #######.#.##..#*,**,*,,,
#######§#.....#*,,,,****
#######h#####.#******
####..PPS.....#
####.§§§#.#####
####.§§§§.#####
####P..§§.##### #....§#*
#######


You could see a gnoll and an adder.

Vanquished Creatures
  2 gnolls (D:2)
  An adder zombie (D:2)
  2 dart slugs
  2 ball pythons
  A bat skeleton (D:2)
  2 bat zombies (D:2)
  3 endoplasms (D:1)
  A giant cockroach (D:1)
  2 goblins (D:1)
  2 hobgoblins (D:2)
  2 jackals (D:1)
  A ball python zombie (D:2)
  4 bats
  3 frilled lizards
  A giant cockroach zombie (D:2)
  A kobold (D:1)
  A rat (D:1)
31 creatures vanquished.

Notes
Turn   | Place    | Note
-------+----------+-------------------------------------------
     0 | D:1      | freelancePsychic the Djinni Shapeshifter began the quest
                  | for the Orb.
     0 | D:1      | Reached XP level 1. HP: 17/17 MP: 0/0
   181 | D:1      | Reached XP level 2. HP: 15/22 MP: 0/0
   779 | D:2      | Reached XP level 3. HP: 25/27 MP: 0/0
   779 | D:2      | Learned a level 1 spell: Foxfire
   970 | D:2      | Reached XP level 4. HP: 5/33 MP: 0/0
  1009 | D:2      | Slain by an adder

Illustrated notes

Levels and vault maps discovered:
D:1:      psy_arrival_fountain, layout_basic, nrook_mini_backslash
D:2:      layout_basic, serial_undead, serial_undead_a, serial_undead_e,
          serial_undead_a, serial_undead_b, serial_undead_b

Skill      XL: |  1  2  3 |
---------------+----------+-----
Shapeshifting  | 3 |  3.1
Fighting       | |  1.9
Dodging        | |  2.1
Unarmed Combat | |  3.9

Action                     |  1- 3 |  4- 6 || total
---------------------------+-------+-------++-------
  Melee: Unarmed           |    83 |     7 ||    90
         Punch             |     1 |       ||     1
    Use: Scroll            |     2 |     5 ||     7
         Potion            |     2 |       ||     2
 Armour: Leather armour    |    43 |     2 ||    45
         Skin              |     3 |     9 ||    12
  Dodge: Dodged            |    67 |     1 ||    68

Table legend: (Time is in decaauts)
 A = Elapsed time spent in this place.
 B = Non-inter-level travel time spent in this place.
 C = Inter-level travel time spent in this place.
 D = Time resting spent in this place.
 E = Time spent auto-exploring this place.
 F = Levels seen in this place.
 G = Mean time per level.
                   A        B        C        D        E       F      G
               +--------+--------+--------+--------+--------+-----+--------+
         Total |   1003 |    975 |     28 |     24 |    699 |   2 |  501.5 |
       Dungeon |   1003 |    975 |     28 |     24 |    699 |   2 |  501.5 |
               +--------+--------+--------+--------+--------+-----+--------+

Top non-repeatable levels by time:
     D:1: 767 daAuts
     D:2: 235 daAuts
